 Dungeon Crawl Stone Soup version 0.21.1-1-g345015f (webtiles) character file.

132 theblackcape the Magician (level 5, 0/37 HPs)
             Began as a Gnoll Wizard on June 25, 2018.
             Succumbed to an adder's poison
             ... on level 3 of the Dungeon.
             The game lasted 00:11:22 (2619 turns).

theblackcape the Magician (Gnoll Wizard)            Turns: 2619, Time: 00:11:23

Health: 0/37       AC:  7    Str:  9    XL:     5   Next: 15%
Magic:  3/14       EV: 12    Int: 21    God:
Gold:   99         SH:  0    Dex: 14    Spells: 13/18 levels left

rFire    . . .     SeeInvis .   w - +0 rapier
rCold    . . .     Gourm    .   (no shield)
rNeg     . . .     Faith    .   i - +0 swamp dragon scales
rPois    +         Spirit   .   b - +0 hat
rElec    .         Reflect  .   (no cloak)
rCorr    .         Harm     .   (no gloves)
MR       .....                  (no boots)
Stlth    ++........             m - amulet of rage
HPRegen  0.12/turn              (no ring)
MPRegen  0.14/turn              (no ring)

@: lethally poisoned (0 -> -2), very slightly contaminated
A: distributed training, fangs 1, strong nose
a: Evoke Berserk Rage


You were on level 3 of the Dungeon.
You were not hungry.

You visited 1 branch of the dungeon, and saw 3 of its levels.

You collected 99 gold pieces.

Inventory:

Hand Weapons
 w - a +0 rapier (weapon)
Missiles
 p - 8 silver tomahawks
 q - 75 stones (quivered)
Armour
 b - a +0 hat (worn)
 i - +0 swamp dragon scales (worn)
 o - a +2 robe of cold resistance
Jewellery
 m - an amulet of rage (around neck)
Scrolls
 f - a scroll of fog {unknown}
 h - a scroll of immolation
 j - 4 scrolls of remove curse
 l - a scroll of random uselessness
 n - 2 scrolls of teleportation {unknown}
 t - a scroll of noise {unknown}
Potions
 e - 2 potions of heal wounds
 r - a potion of curing {unknown}
 s - a potion of berserk rage {unknown}
 v - a potion of might
Books
 c - a book of Minor Magic

   Spells                             Type                      Level
   a - Magic Dart                     Conjuration                  1
   b - Blink                          Translocation                2
   c - Call Imp                       Summoning                    2
   d - Slow                           Hexes                        2
   e - Conjure Flame                  Conjuration/Fire             3
   f - Mephitic Cloud                 Conjuration/Poison/Air       3
Comestibles
 d - 4 rations
 u - 6 chunks of flesh


   Skills:
 + Level 1.3 Fighting
 + Level 1.3 Short Blades
 + Level 1.3 Long Blades
 + Level 1.3 Axes
 + Level 1.3 Maces & Flails
 + Level 1.3 Polearms
 + Level 1.3 Staves
 + Level 1.3 Slings
 + Level 1.3 Bows
 + Level 1.3 Crossbows
 + Level 1.3 Throwing
 + Level 1.3 Armour
 + Level 4.7 Dodging
 + Level 4.3 Stealth
 + Level 1.3 Shields
 + Level 1.3 Unarmed Combat
 + Level 7.2 Spellcasting
 + Level 2.3 Conjurations
 + Level 1.1 Hexes
 + Level 1.1 Charms
 + Level 2.3 Summonings
 + Level 1.1 Necromancy
 + Level 2.3 Translocations
 + Level 1.1 Transmutations
 + Level 1.1 Fire Magic
 + Level 1.1 Ice Magic
 + Level 1.1 Air Magic
 + Level 1.1 Earth Magic
 + Level 1.1 Poison Magic
 + Level 1.5 Invocations
 + Level 1.3 Evocations


You had 13 spell levels left.
You knew the following spells:

 Your Spells              Type           Power        Failure   Level  Hunger
a - Magic Dart            Conj           ###.         9%          1    None
b - Call Imp              Summ           ###.....     14%         2    None
c - Blink                 Tloc           N/A          14%         2    None


Dungeon Overview and Level Annotations

Branches:
Dungeon (3/15)

Altars:
Fedhas
Kikubaaqudgha


Innate Abilities, Weirdness & Mutations

Your experience applies equally to all skills.
You have very sharp teeth.
Your uncanny sense of smell can sniff out nearby items.


Message History

You closely miss the orc priest. The orc priest hits you with a dagger.
* * * LOW HITPOINT WARNING * * *
Your crimson imp blinks!
You barely miss the orc priest.
You feel sick. The orc priest hits you with a dagger.
* * * LOW HITPOINT WARNING * * *
The orc priest hits you with a dagger.
* * * LOW HITPOINT WARNING * * *
You hit the orc priest.
The orc priest is lightly wounded.
The giant cockroach closely misses you.
The orc priest looks braver for a moment.
You closely miss the orc priest.
The orc priest is lightly wounded.
The giant cockroach closely misses you. x2
The orc priest hits you but does no damage.
An orc comes into view. It is wielding a flail.
You closely miss the orc priest.
The orc priest is lightly wounded.
You die...

#≈#.≈≈#..##.##
≈≈#≈#≈≈.###..#
#≈≈≈≈≈≈≈≈###.#
≈≈≈..≈≈≈≈≈#..# o
≈≈)⌠.≈≈≈≈≈...#######.o..
≈≈≈(.≈≈≈≈≈≈#.##o)...o...
≈≈≈.≈≈#≈≈≈≈≈.##)########
≈≈...≈≈≈≈≈≈≈.5.5o..#
≈≈.<(≈≈≈≈≈≈.....@s.#
≈≈..[≈≈#≈≈≈≈.......#
≈≈≈.≈≈#≈≈≈≈≈#####.....#
≈≈≈.≈≈≈≈#≈### .#####
≈≈..≈⌠≈≈≈≈.####.###
##### ≈≈.⌠.≈)≈≈≈#..>..#
#<... ≈≈≈#≈≈≈≈#...#
###########.##.
≈≈≈≈≈≈≈.#.######.
.......)....##.
#≈≈(≈≈##.........
##############.


You could see an orc priest, an orc, a giant cockroach and 2 friendly crimson
imps.

Vanquished Creatures
  2 adders
  An ooze (D:1)
  A worm (D:3)
  9 dart slugs (D:3)
  2 leopard geckos (D:2)
  5 orcs (D:3)
  5 bats
  5 giant cockroaches
  7 goblins
  5 hobgoblins
  2 jackals (D:1)
  A ball python (D:1)
  2 frilled lizards (D:2)
  4 kobolds
  5 rats
56 creatures vanquished.

Vanquished Creatures (collateral kills)
  An orc wizard (D:3)
1 creature vanquished.

Grand Total: 57 creatures vanquished

Notes
Turn   | Place    | Note
-------+----------+-------------------------------------------
     0 | D:1      | theblackcape the Gnoll Wizard began the quest for the Orb.
     0 | D:1      | Reached XP level 1. HP: 13/13 MP: 8/8
   203 | D:1      | Reached XP level 2. HP: 19/19 MP: 8/10
   302 | D:1      | Learned a level 2 spell: Call Imp
   305 | D:1      | Learned a level 2 spell: Blink
   996 | D:2      | Reached XP level 3. HP: 25/25 MP: 7/11
  1098 | D:2      | Found a blossoming altar of Fedhas.
  1098 | D:2      | Found an ancient bone altar of Kikubaaqudgha.
  1417 | D:2      | Reached skill level 1 in Invocations
  2001 | D:3      | Reached skill level 1 in Fighting
  2001 | D:3      | Reached skill level 1 in Short Blades
  2001 | D:3      | Reached skill level 1 in Long Blades
  2001 | D:3      | Reached skill level 1 in Axes
  2001 | D:3      | Reached skill level 1 in Maces & Flails
  2001 | D:3      | Reached skill level 1 in Polearms
  2001 | D:3      | Reached skill level 1 in Staves
  2001 | D:3      | Reached skill level 1 in Slings
  2001 | D:3      | Reached skill level 1 in Bows
  2001 | D:3      | Reached skill level 1 in Crossbows
  2001 | D:3      | Reached skill level 1 in Throwing
  2001 | D:3      | Reached skill level 1 in Armour
  2001 | D:3      | Reached skill level 1 in Shields
  2001 | D:3      | Reached skill level 1 in Unarmed Combat
  2001 | D:3      | Reached skill level 1 in Evocations
  2040 | D:3      | Reached XP level 4. HP: 32/32 MP: 1/13
  2252 | D:3      | Reached skill level 1 in Hexes
  2252 | D:3      | Reached skill level 1 in Charms
  2252 | D:3      | Reached skill level 1 in Necromancy
  2252 | D:3      | Reached skill level 1 in Transmutations
  2252 | D:3      | Reached skill level 1 in Fire Magic
  2252 | D:3      | Reached skill level 1 in Ice Magic
  2252 | D:3      | Reached skill level 1 in Air Magic
  2252 | D:3      | Reached skill level 1 in Earth Magic
  2252 | D:3      | Reached skill level 1 in Poison Magic
  2448 | D:3      | Reached XP level 5. HP: 30/37 MP: 1/14
  2616 | D:3      | HP: 1/37 [orc priest/dagger (3)]
  2619 | D:3      | Succumbed to an adder's poison

Skill      XL: |  1  2  3  4 |
---------------+-------------+-----
Conjurations   | 2 |  2.3
Summonings     | 2 |  2.3
Translocations | 2 |  2.3
Invocations    | 1 |  1.5
Fighting       | 1 |  1.3
Short Blades   | 1 |  1.3
Long Blades    | 1 |  1.3
Axes           | 1 |  1.3
Maces & Flails | 1 |  1.3
Polearms       | 1 |  1.3
Staves         | 1 |  1.3
Slings         | 1 |  1.3
Bows           | 1 |  1.3
Crossbows      | 1 |  1.3
Throwing       | 1 |  1.3
Armour         | 1 |  1.3
Shields        | 1 |  1.3
Unarmed Combat | 1 |  1.3
Evocations     | 1 |  1.3
Hexes          | 1 |  1.1
Charms         | 1 |  1.1
Necromancy     | 1 |  1.1
Transmutations | 1 |  1.1
Fire Magic     | 1 |  1.1
Ice Magic      | 1 |  1.1
Air Magic      | 1 |  1.1
Earth Magic    | 1 |  1.1
Poison Magic   | 1 |  1.1
Dodging        | |  4.7
Stealth        | |  4.3
Spellcasting   | |  7.2

Action                   |  1- 3 |  4- 6 || total
-------------------------+-------+-------++-------
Melee: Unarmed           |     2 |       ||     2
       Dagger            |    60 |       ||    60
       Bite              |     6 |     1 ||     7
       Rapier            |       |    24 ||    24
Throw: Stone             |       |    19 ||    19
 Cast: Magic Dart        |    79 |    53 ||   132
       Call Imp          |     1 |     5 ||     6
  Use: Scroll            |       |     5 ||     5
  Eat: Chunk             |     3 |     2 ||     5
Armor: Swamp dragon scal |    22 |    11 ||    33
       Robe              |     1 |       ||     1
Dodge: Dodged            |    44 |    14 ||    58
